 Dungeon Crawl Stone Soup version 0.25-a0-1133-g93ebf73 (webtiles) character file.

Game seed: 6917869988983389552, levelgen mode: deterministic

35 thirtiethelement the Skirmisher (level 3, -7/30 HPs)
             Began as a Demonspawn Abyssal Knight on May 21, 2020.
             Was a Follower of Lugonu.
             Mangled by Sigmund
             ... wielding a +0 scythe
              (9 damage)
             ... on level 2 of the Dungeon.
             The game lasted 00:05:39 (1405 turns).

thirtiethelement the Skirmisher (DsAK)              Turns: 1405, Time: 00:05:41

Health: -7/30      AC:  6    Str: 11      XL:     3   Next: 17%
Magic:  4/4        EV:  8    Int: 11 (13) God:    Lugonu [*.....]
Gold:   141        SH:  3    Dex: 11 (12) Spells: 2/2 levels left

rFire    . . .     SeeInvis .   a - +1 falchion
rCold    . . .     Gourm    .   d - +0 buckler
rNeg     . . .     Faith    .   f - +0 scale mail
rPois    .         Spirit   .   (no helmet)
rElec    .         Reflect  .   (no cloak)
rCorr    .         Harm     .   (no gloves)
MR       .....                  (no boots)
Stlth    ..........             (no amulet)
HPRegen  0.10/turn              (no ring)
MPRegen  0.09/turn              (no ring)

@: no status effects
A: demonic guardian 1, deterioration 1, weak 1
a: Depart the Abyss, Renounce Religion


You were on level 2 of the Dungeon.
You worshipped Lugonu.
Lugonu was aware of your devotion.
You were not hungry.

You visited 1 branch of the dungeon, and saw 2 of its levels.
You visited the Abyss 1 time.

You collected 141 gold pieces.

Inventory:

Hand Weapons
 a - a +1 falchion (weapon)
Armour
 b - a +0 leather armour
 d - a +0 buckler (worn)
 f - a +0 scale mail (worn)
 h - a +0 ring mail
Scrolls
 e - 4 scrolls of identify {unknown}
 i - a scroll of fog {unknown}
 j - 2 scrolls of enchant armour {unknown}
 m - a scroll of blinking {unknown}
Potions
 g - a potion of flight {unknown}
 k - a potion of resistance {unknown}
 l - a potion of curing {unknown}
Comestibles
 c - 3 rations


   Skills:
 + Level 3.8 Fighting
 + Level 2.1 Long Blades
 + Level 2.1 Armour
 + Level 0.8 Dodging
 + Level 2.4 Invocations


You had 2 spell levels left.
You didn't know any spells.
Your spell library was empty.

Dungeon Overview and Level Annotations

Branches:
Dungeon (2/15)

Altars:

Annotations:
D:2 Sigmund


Innate Abilities, Weirdness & Mutations

A weak demonic guardian rushes to your aid.
Your body sometimes deteriorates upon taking damage.
You are weak. (Str -2)


Message History

The adder hisses angrily.
You hear some strange, mumbled words.
You are confused.
You barely miss something. Something hits you.
You bump into the rock wall.
Something hits you!
Your body deteriorates!
You feel dopey.
You're too confused to move!
You're too confused to move!
Something hits you.
You bump into the rock wall.
You feel less confused. Something hits you.
* * * LOW HITPOINT WARNING * * *
You hit something. You hit something.
You hear some strange, mumbled words.
A puff of flame appears from out of thin air!
The puff of flame hits you.
* * * LOW HITPOINT WARNING * * *
Something hits you!
You die...

............#.> ..
..................#....
......S<....####.#..?..
.................#.#..
....!................
.# ........{..........#
...#
#.....###...†......#
...#
..#..#####{........#
...# .
#......@5........##...#
..#####...............#
#.....(.........#
##............#.#
#............# #
#.........)..#.#
#............#.#
#............#.##
##...............


You could see a friendly quasit (summoned).

Vanquished Creatures
  2 dart slugs
  A leopard gecko (D:1)
  3 giant cockroaches (D:1)
  3 goblins
  2 hobgoblins
  4 jackals (D:1)
  6 kobolds (D:1)
  A ball python (D:1)
  2 bats
  A frilled lizard (D:1)
  3 rats (D:1)
28 creatures vanquished.

Notes
Turn   | Place    | Note
-------+----------+-------------------------------------------
     0 | Abyss:1  | thirtiethelement the Demonspawn Abyssal Knight began the
                  | quest for the Orb.
     0 | Abyss:1  | Reached XP level 1. HP: 18/18 MP: 2/2
     0 | Abyss:1  | Found a corrupted altar of Lugonu.
    39 | Abyss:1  | Noticed a neqoxec
    40 | Abyss:1  | Noticed a hellwing
    47 | Abyss:1  | Gained mutation: You are weak. (Str -2) [a neqoxec]
    88 | Abyss:1  | Gained mutation: Your body sometimes deteriorates upon
                  | taking damage. [a neqoxec]
    89 | D:1      | Escaped the Abyss
   203 | D:1      | Gained mutation: A weak demonic guardian rushes to your
                  | aid. [demonic ancestry]
   203 | D:1      | Reached XP level 2. HP: 8/24 MP: 3/3
   207 | D:1      | Reached * piety under Lugonu
  1139 | D:2      | Noticed Sigmund
  1336 | D:1      | Reached XP level 3. HP: 30/30 MP: 4/4
  1405 | D:2      | Mangled by Sigmund

Illustrated notes

Levels and vault maps discovered:
D:1:      beargit_arrival_greenhouse, layout_basic, serial_glass,
          glass_columns_c, glass_columns_a
D:2:      layout_rooms, amethyst_overflow_temple_binary,
          chequers_ecumenical_altar_simple_redux, uniq_jessica, uniq_robin,
          uniq_sigmund

Skill      XL: |  1  2 |
---------------+-------+-----
Armour         | 2 |  2.1
Long Blades    | 2 |  2.1
Fighting       | |  3.8
Dodging        | |  0.8
Invocations    | |  2.4

Action                   || total
-------------------------++-------
Melee: Falchion          ||    92
Invok: Depart the Abyss  ||     1
  Eat: Ration            ||     1
Armor: Scale mail        ||    49
       Leather armour    ||    10
Dodge: Dodged            ||    43
Block: Buckler           ||    16
       Rpst.: Falchion   ||    14

Table legend:
 A = Non-vault XP
 B = Vault XP
 C = Vault XP percentage of total XP
 D = Non-vault monster count
 E = Vault monster count
 F = Vault count percentage of total count
                 A         B        C        D         E       F
            +---------+---------+-------+---------+---------+-------
      Total |      51 |       0 |   0.0 |      28 |       0 |   0.0
            +---------+---------+-------+---------+---------+-------
        D:1 |      42 |       0 |   0.0 |      24 |       0 |   0.0
        D:2 |       9 |       0 |   0.0 |       4 |       0 |   0.0
            +---------+---------+-------+---------+---------+-------
